 Dungeon Crawl Stone Soup version 0.28-a0-413-gde365fb1df (webtiles) character file.

Game seed: 1864121175186274003

1541 SkeletonJelly the Arsonist (level 8, -8/45 HPs)
             Began as a Deep Elf Cinder Acolyte on Sept 7, 2021.
             Was a High Priest of Ignis.
             Mangled by an iguana (13 damage)
             ... on level 6 of the Dungeon.
             The game lasted 00:11:33 (6632 turns).

SkeletonJelly the Arsonist (DECA)                   Turns: 6632, Time: 00:11:34

Health: -8/45      AC:  2    Str: 19    XL:     8   Next: 56%
Magic:  5/22       EV: 11    Int: 20    God:    Ignis [*****.]
Gold:   228        SH:  0    Dex: 10    Spells: 18/23 levels left

rFire   + . .      SeeInvis .   a - +0 falchion (flame)
rCold   . . .      Faith    .   (no shield)
rNeg    . . .      Spirit   .   b - +0 robe
rPois   +          Reflect  .   (no helmet)
rElec   .          Harm     .   (no cloak)
rCorr   .          Rampage  .   (no gloves)
Will    .....                   (no boots)
Stlth   +.........              (no amulet)
HPRegen 0.15/turn               v - ring "Mafearer" {rPois Str+6}
MPRegen 0.18/turn               z - ring of wizardry

@: no status effects
A: no striking features
a: Renounce Religion, Sea of Fire, Foxfire Swarm, Rising Flame


You were on level 6 of the Dungeon.
You worshipped Ignis.
Ignis was extremely pleased with you.
You visited 2 branches of the dungeon, and saw 7 of its levels.

You collected 228 gold pieces.

Inventory:

Hand Weapons
 a - a +0 falchion of flaming (weapon)
 r - a +0 quick blade
Armour
 b - a +0 robe (worn)
 u - a +0 kite shield
Jewellery
 v - the ring "Mafearer" (left hand) {rPois Str+6}
   (You found it on level 4 of the Dungeon)

   [ring of strength]

   Str:       It affects your strength (+6).
   rPois:     It protects you from poison.
 y - a ring of willpower
 z - a ring of wizardry (right hand)
 A - a ring of flight
Wands
 i - a wand of iceblast (8)
Scrolls
 c - a scroll of silence {unknown}
 d - 6 scrolls of identify
 h - a scroll of torment {unknown}
 j - a scroll of enchant weapon
 k - a scroll of fear
 l - a scroll of magic mapping {unknown}
 m - a scroll of blinking
 n - a scroll of teleportation
 o - a scroll of acquirement
 q - a scroll of immolation {unknown}
 w - a scroll of amnesia {unknown}
Potions
 e - a potion of attraction
 f - 2 potions of curing
 p - 2 potions of heal wounds {unknown}
 s - a potion of flight {unknown}
 t - a potion of degeneration {unknown}
 x - a potion of berserk rage {unknown}


   Skills:
 - Level 2.4 Fighting
 - Level 3.0 Long Blades
 + Level 8.4 Spellcasting
 - Level 10.0 Fire Magic


You had 18 spell levels left.
You knew the following spells:

 Your Spells              Type           Power      Damage    Failure   Level
a - Scorch                Fire           96%        2d9       1%          2
s - Stone Arrow           Conj/Erth      16%        3d8       10%         3

Your spell library contained the following spells:

 Spells                   Type           Power      Damage    Failure   Level
 Freeze                   Ice            32%        1d5       3%          1
 Sandblast                Erth           16%        2d6       3%          1
 Corpse Rot               Necr/Air       N/A        N/A       4%          2
 Ensorcelled Hibernation  Hex/Ice        16%        N/A       4%          2
 Passwall                 Tmut/Erth      6%         N/A       4%          2
 Poisonous Vapours        Pois/Air       16%        N/A       4%          2
 Slow                     Hex            8%         N/A       4%          2
 Confusing Touch          Hex            8%         N/A       10%         3
 Frozen Ramparts          Ice            16%        1d3       10%         3
 Spider Form              Tmut/Pois      4%         N/A       10%         3
 Vampiric Draining        Necr           4%         2d6       10%         3
 Animate Armour           Summ/Erth      16%        N/A       32%         4
 Hailstorm                Conj/Ice       8%         3d4       32%         4
 Lehudib's Crystal Spear  Conj/Erth      4%         10d3      100%        8


Dungeon Overview and Level Annotations

Branches:
Dungeon (6/15)             Temple (1/1) D:5

Altars:
Ashenzari
Cheibriados
Hepliaklqana
Kikubaaqudgha
Makhleb
Nemelex Xobeh
Okawaru
Qazlal
Ru
Sif Muna
Trog
Uskayaw
Vehumet
Wu Jian
Xom
Yredelemnul
Zin
The Shining One

Shops:
D:4 [   D:6 *

Annotations:
D:3 2 transporters, yellowboar's ghost, amateur DsAK


Message History

Flames lash the adder.
You kill the adder!
You now have 12/21 mp.
You can't see any susceptible monsters within range! (Use Z to cast anyway.)
As you read the scroll labelled GAAGEEVOHISS, it crumbles to dust.
It is a scroll of identify.
e - a potion of attraction
As you read the scroll labelled YXIBOY YC CESH, it crumbles to dust.
Wisps of shadow whirl around you...
It was a scroll of summoning.
As you read the scroll labelled KIFUZEVULE, it crumbles to dust.
It is a scroll of enchant weapon.
Your -1 falchion of flaming glows red for a moment.
As you read the scroll labelled GYOKOS KYFABLY, it crumbles to dust.
You assume a fearsome visage.
Nothing appears to happen.
It was a scroll of fear.
Blink to where?
Press: ? - help, Dir - move target, f - you Are you sure you want to cancel this blink?
Okay, then.
As you read the scroll labelled DORGHI FYDAU, it crumbles to dust.
It was a scroll of blinking.
A sky beast comes into view.
As you read the scroll labelled TAAVVU HANOEPH, it crumbles to dust.
You feel strangely unstable.
It was a scroll of teleportation.
A sky beast is nearby!
You swap places.
Your surroundings suddenly seem different.
Found a stone staircase leading down.
There is a stone staircase leading down here.
This is a scroll of acquirement!
Unknown command.
HP restored.
You hear the slow rusting of a very distant drain.
Magic restored. 2 ice beasts come into view.
Found 36 gold pieces.
Health restored: 45; MP restored: 21 Flames lash the ice beast.
The ice beast melts!
The ice beast is severely wounded.
The ice beast's fire resistance burns away.
You hear an angry hiss.
You hear a shout!
You now have 19/21 mp.
Flames lash the ice beast.
The ice beast melts!
You kill the ice beast!
An orc warrior comes into view. It is wielding a +0 dire flail.
You now have 17/21 mp.
Flames lash the ice beast.
The ice beast melts!
The ice beast is lightly wounded.
The ice beast's fire resistance burns away.
Flames lash the ice beast.
The ice beast melts!
The ice beast is severely wounded.
An ice beast comes into view.
A gnoll comes into view. It is wielding a +0 quarterstaff.
The ice beast hits you. The ice beast freezes you!
You take 10 damage, and have 35/45 hp.
MASSIVE DAMAGE!!
You now have 13/21 mp.
Flames lash the ice beast.
The ice beast melts!
You kill the ice beast!
You hear an angry hiss.
Training target 10.0 for Fire Magic reached!
Your Spellcasting skill increases to level 8!
Your Fire Magic skill increases to level 10!
You now have 11/22 mp.
Flames lash the ice beast.
The ice beast melts!
The ice beast is moderately wounded.
The ice beast's fire resistance burns away.
An iguana comes into view.
You now have 10/22 mp.
Flames lash the ice beast.
The ice beast melts!
The ice beast is severely wounded.
An adder comes into view.
You now have 8/22 mp.
Flames lash the adder.
The adder hisses angrily.
The adder is severely wounded.
The adder's fire resistance burns away.
The ice beast hits you. The ice beast freezes you!
You take 11 damage, and have 25/45 hp.
MASSIVE DAMAGE!!
You now have 6/22 mp.
Flames lash the orc warrior.
The orc warrior is heavily wounded.
The orc warrior's fire resistance burns away.
You hear a shout!
The ice beast hits you. The ice beast freezes you!
* * * LOW HITPOINT WARNING * * *
You take 12 damage, and have 13/45 hp.
MASSIVE DAMAGE!!
You now have 4/22 mp.
You are too injured to fight recklessly!
The ice beast is no longer more vulnerable to fire.
An ufetubus comes into view.
As you read the scroll of summoning, it crumbles to dust.
Wisps of shadow whirl around you... The ice beast hits you.
* * * LOW HITPOINT WARNING * * *
The ice beast freezes you.
* * * LOW HITPOINT WARNING * * *
The iguana bites you.
* * * LOW HITPOINT WARNING * * *
A wyvern skeleton comes into view.
You take 8 damage, and have 5/45 hp.
The adder closely misses your iguana. Something hits your white imp.
The ice beast closely misses your iguana.
The iguana bites you!
You die...

...#...Z. .$ ..
#.....#.. .# #..
.....#.###$#
#...#.....#
#....g#.. #
#..55#o###.#
#.Z.#YS..$#..
##...ll......
#>#..@h......
#...#.###.###...
#.##.## ## .. #
#. . . #. .


You could see an orc warrior (inflammable, ally target), an ice beast (ally
target), an iguana (ally target), an adder (inflammable), an ufetubus, a
friendly black bear (summoned), a friendly iguana (summoned), a friendly white
imp (summoned) and a friendly water moccasin zombie (summoned).

Vanquished Creatures
  2 ice beasts (D:6)
  A sky beast (D:5)
  4 ogres
  A centaur (D:5)
  3 phantoms (D:5)
  2 scorpions
  A howler monkey (D:3)
  A bullfrog zombie (D:5)
  A centaur zombie (D:5)
  A hound (D:3)
  4 orc priests
  2 centaur skeletons
  A bullfrog skeleton (D:5)
  8 adders
  An adder zombie (D:5)
  4 worms
  2 dart slugs
  8 orcs
  8 endoplasms
  3 giant cockroaches
  19 goblins
  6 hobgoblins
  2 jackals (D:4)
  3 kobolds
  3 quokkas
  8 ball pythons
  3 bats
  3 frilled lizards (D:1)
  A quokka skeleton (D:4)
  3 rats
109 creatures vanquished.

Vanquished Creatures (others)
  2 foxfires (D:3)
2 creatures vanquished.

Grand Total: 111 creatures vanquished

Notes
Turn   | Place    | Note
-------+----------+-------------------------------------------
     0 | D:1      | SkeletonJelly the Deep Elf Cinder Acolyte began the quest
                  | for the Orb.
     0 | D:1      | Reached XP level 1. HP: 13/13 MP: 5/5
   323 | D:1      | Reached XP level 2. HP: 16/18 MP: 6/6
   326 | D:1      | Learned a level 2 spell: Scorch
   379 | D:1      | Found a faded altar of an unknown god.
   946 | D:1      | Reached skill level 4 in Fire Magic
  1342 | D:2      | Reached XP level 3. HP: 22/22 MP: 5/8
  1837 | D:2      | Found a shimmering altar of Xom.
  2397 | D:3      | Reached XP level 4. HP: 27/27 MP: 4/10
  2463 | D:3      | Reached skill level 5 in Fire Magic
  2629 | D:3      | Found a transporter.
  2755 | D:3      | Reached XP level 5. HP: 31/31 MP: 5/12
  3201 | D:3      | Noticed an ogre
  3203 | D:3      | Reached skill level 6 in Fire Magic
  3593 | D:3      | Killed an ogre
  3594 | D:3      | Reached XP level 6. HP: 36/36 MP: 9/15
  3699 | D:3      | Noticed yellowboar's ghost (amateur DsAK)
  3740 | D:3      | Found a transporter.
  4042 | D:4      | Reached skill level 5 in Spellcasting
  4399 | D:4      | Reached skill level 7 in Fire Magic
  4615 | D:4      | Found Kymposogubb's Antique Armour Emporium.
  4630 | D:4      | Reached XP level 7. HP: 40/40 MP: 9/17
  4685 | D:4      | Identified the ring "Mafearer" {rPois Str+6}
  4823 | D:5      | Entered Level 5 of the Dungeon
  4909 | D:5      | Found a staircase to the Ecumenical Temple.
  5293 | D:5      | Reached skill level 8 in Fire Magic
  5472 | D:5      | Found a shimmering blue altar of Sif Muna.
  5667 | D:5      | Reached XP level 8. HP: 45/45 MP: 15/20
  5856 | D:5      | Reached skill level 9 in Fire Magic
  5915 | Temple   | Entered the Ecumenical Temple
  6502 | D:5      | Learned a level 3 spell: Stone Arrow
  6555 | D:6      | Found Daufuvin's Elemental Accessories.
  6577 | D:6      | Identified a scroll of acquirement
  6626 | D:6      | Reached skill level 10 in Fire Magic
  6632 | D:6      | Mangled by an iguana

Illustrated notes

Levels and vault maps discovered:
D:1:      pf_arrival_petrified_forest, layout_loops_ring,
          chequers_ecumenical_altar_simple_redux, st_stairs_9,
          minmay_misc_feat_columns, minmay_misc_feat_tiny, minmay_heptomino_o4
D:2:      wander_river, layout_loops_corners, basic_altar
D:3:      layout_basic, gammafunk_ghost_stat_death, grunt_decor_mini_mirrors,
          minmay_ogre_servants
D:4:      layout_cave_pools, serial_shops, kennysheep_mini
D:5:      layout_loops_corners, kennysheep_orc_sif_temple,
          minmay_temple_entry_water_ring, chequers_serial_rivers_large_a
D:6:      hangedman_cross_stitches, layout_loops_cross,
          mainiacjoe_overflow_cross_hatched, jmf_multi_god_temple2,
          gup_sewer_entry_glass, nicolae_elemental_shop, uniq_duvessa
Temple:   nicolae_temple_elliptical

Skill      XL: |  1  2  3  4  5  6  7  8 |
---------------+-------------------------+-----
Long Blades    | 3 |  3.0
Spellcasting   | 2 3 4 5 6 8 |  8.4
Fire Magic     | 4 5 6 7 8 10 | 10.0
Fighting       | |  2.4

Action                   |  1- 3 |  4- 6 |  7- 9 || total
-------------------------+-------+-------+-------++-------
Melee: Falchion          |    29 |    19 |     5 ||    53
 Cast: Scorch            |    32 |    72 |    56 ||   160
Invok: Foxfire Swarm     |       |     1 |       ||     1
Evoke: Wand              |       |     1 |     1 ||     2
  Use: Potion            |       |     2 |       ||     2
       Scroll            |       |       |     7 ||     7
Armor: Robe              |     9 |     8 |     1 ||    18
       Skin              |       |     6 |       ||     6
Dodge: Dodged            |    32 |    15 |    12 ||    59

Table legend: (Time is in decaauts)
 A = Elapsed time spent in this place.
 B = Non-inter-level travel time spent in this place.
 C = Inter-level travel time spent in this place.
 D = Time resting spent in this place.
 E = Time spent auto-exploring this place.
 F = Levels seen in this place.
 G = Mean time per level.
                   A        B        C        D        E       F      G
               +--------+--------+--------+--------+--------+-----+--------+
         Total |   6686 |   6492 |    194 |      0 |   5829 |   7 |  955.1 |
       Dungeon |   6463 |   6291 |    172 |      0 |   5645 |   6 | 1077.2 |
        Temple |    222 |    200 |     22 |      0 |    184 |   1 |  222.0 |
               +--------+--------+--------+--------+--------+-----+--------+

Top non-repeatable levels by time:
     D:5: 1531 daAuts
     D:3: 1351 daAuts
     D:1: 1325 daAuts
     D:2: 1194 daAuts
     D:4: 983 daAuts
  Temple: 222 daAuts
     D:6: 76 daAuts
